 Dungeon Crawl Stone Soup version 0.28.0-43-g3370ac3207 (webtiles) character file.

Game seed: 16492361670639587132

314455 pkoi the Executioner (level 20, -10/191 HPs)
             Began as a Minotaur Gladiator on Mar 16, 2022.
             Was an Initiate of Gozag.
             Mangled by a juggernaut (24 damage)
             ... on level 1 of the Depths.
             The game lasted 01:14:44 (48379 turns).

pkoi the Executioner (Minotaur Gladiator)          Turns: 48379, Time: 01:14:44

Health: -10/191    AC: 34    Str: 33    XL:     20   Next: 48%
Magic:  0/19       EV: 17    Int: 13    God:    Gozag
Gold:   3814       SH:  0    Dex: 23    Spells: 16/19 levels left

rFire   + . .      SeeInvis +   a - +4 executioner's axe of Putrescence {vorpal, rN+ Str+2 Dex+7}
rCold   + . .      Faith    .   (shield currently unavailable)
rNeg    + + .      Spirit   +   r - +9 plate armour of Toelir {rN+ Dex+4}
rPois   +          Reflect  .   I - +2 hat
rElec   +          Harm     .   g - +2 cloak {rPois}
rCorr   .          Rampage  .   p - +2 pair of gloves {Dex+3}
Will    +....      NoTele   +   Z - +0 pair of boots of the Narrow Quahog {Will+ Int+4 Dex-4 Stlth+}
Stlth   ..........              s - amulet of Ifeoloipp {Spirit rElec rF+ Int+4}
HPRegen 0.41/turn               W - ring "Umpiap" {Will+ Str+4}
MPRegen 0.16/turn               X - ring "Dapn" {rC+ SInv}

@: mighty, weak-willed, untranslocatable, gold aura, studying Ice Magic
A: horns 2, retaliatory headbutt, deformed body
}: 2/15 runes: barnacled, gossamer
a: Renounce Religion, Potion Petition, Call Merchant, Bribe Branch


You were on level 1 of the Depths.
You worshipped Gozag.
Gozag was most pleased with you.
You visited 8 branches of the dungeon, and saw 36 of its levels.
You also visited: Ice Cave.

You collected 16521 gold pieces.
You spent 4399 gold pieces at shops.
You paid 8308 gold pieces to Gozag.

Inventory:

Hand Weapons
 a - the +4 executioner's axe of Putrescence (weapon) {vorpal, rN+ Str+2 Dex+7}
   (You acquired it on level 2 of the Orcish Mines)

   It inflicts extra damage upon your enemies.
   Str:       It affects your strength (+2).
   Dex:       It affects your dexterity (+7).
   rN:        It protects you from negative energy.
 b - a +0 longbow
 n - the +10 broad axe of the Rat {flame, rElec Will+}
   (You bought it in a shop on level 3 of the Dungeon)

   It burns those it strikes, dealing additional fire damage.
   Big, fiery blades are also staple armaments of hydra-hunters.
   rElec:     It insulates you from electricity.
   Will:      It increases your willpower.
Missiles
 d - 10 throwing nets (quivered)
 N - 1306 arrows
Armour
 g - a +2 cloak of poison resistance (worn)
 p - a +2 pair of gloves of dexterity (worn)
 r - the +9 plate armour of Toelir (worn) {rN+ Dex+4}
   (You bought it in a shop on level 2 of the Orcish Mines)

   Dex:       It affects your dexterity (+4).
   rN:        It protects you from negative energy.
 I - a +2 hat (worn)
 Z - the +0 pair of boots of the Narrow Quahog (worn) {Will+ Int+4 Dex-4 Stlth+}
   (You found it on level 14 of the Dungeon)

   Int:       It affects your intelligence (+4).
   Dex:       It affects your dexterity (-4).
   Will:      It increases your willpower.
   Stlth:     It makes you more stealthy.
Jewellery
 c - a ring of protection from cold
 e - a +4 ring of slaying
 s - the amulet of Ifeoloipp (around neck) {Spirit rElec rF+ Int+4}
   (You found it on level 7 of the Dungeon)

   [amulet of guardian spirit]

   It causes incoming damage to be divided between your reserves of health and
   magic.
   Int:       It affects your intelligence (+4).
   rF:        It protects you from fire.
   rElec:     It insulates you from electricity.
 t - a ring of flight
 F - the amulet of Kikubaaqudgha's Whim {rC+ Regen+ Slay+2}
   (You took it off a kobold on level 9 of the Dungeon)

   [amulet of regeneration]

   Slay:      It affects your accuracy & damage with ranged weapons and melee
   (+2).
   rC:        It protects you from cold.
   Regen:     It increases your rate of health regeneration.
 W - the ring "Umpiap" (left hand) {Will+ Str+4}
   (You found it in an ice cave)

   [ring of willpower]

   Str:       It affects your strength (+4).
   Will:      It increases your willpower.
 X - the ring "Dapn" (right hand) {rC+ SInv}
   (You found it in an ice cave)

   [ring of protection from cold]

   rC:        It protects you from cold.
   SInv:      It lets you see invisible.
Wands
 x - a wand of iceblast (46)
 y - a wand of paralysis (14)
 B - a wand of flame (92)
 G - a wand of charming (6)
 H - a wand of digging (19)
 O - a wand of acid (15)
 Q - a wand of mindburst (8)
 T - a wand of polymorph (9)
Scrolls
 h - 4 scrolls of holy word
 i - 2 scrolls of fear
 o - 16 scrolls of identify
 q - 6 scrolls of fog
 u - 4 scrolls of enchant weapon
 z - 3 scrolls of summoning
 A - 4 scrolls of brand weapon
 E - 3 scrolls of amnesia
 J - 3 scrolls of silence
 M - 26 scrolls of teleportation
 R - 3 scrolls of enchant armour
 U - 4 scrolls of magic mapping
Potions
 f - 4 potions of brilliance
 j - 11 potions of ambrosia
 k - 5 potions of berserk rage
 l - 17 potions of curing
 m - 4 potions of magic
 v - 3 potions of might
 w - 2 potions of resistance
 C - 4 potions of invisibility
 D - 4 potions of cancellation
 K - 7 potions of heal wounds
 L - a potion of flight
 S - 5 potions of haste
Miscellaneous
 P - a condenser vane
 V - a phantom mirror
 Y - a phial of floods


   Skills:
 + Level 19.1 Fighting
 - Level 24.0 Axes
 + Level 14.2 Bows
 - Level 2.0 Throwing
 + Level 18.8 Armour
 + Level 11.7 Dodging
 + Level 15.9 Evocations


You had 16 spell levels left.
You knew the following spells:

 Your Spells              Type           Power      Damage    Failure   Level
a - Apportation           Tloc           0%         N/A       75%         1
b - Blink                 Tloc           0%         N/A       87%         2

Your spell library contained the following spells:

 Spells                   Type           Power      Damage    Failure   Level
 Animate Skeleton         Necr           0%         N/A       75%         1
 Pain                     Necr           0%         1d4       75%         1
 Sandblast                Erth           0%         2d4       75%         1
 Shock                    Conj/Air       0%         1d3       75%         1
 Corpse Rot               Necr/Air       0%         N/A       87%         2
 Passwall                 Tmut/Erth      0%         N/A       87%         2
 Dazzling Flash           Conj/Hex       0%         N/A       98%         3
 Frozen Ramparts          Ice            0%         1d2       98%         3
 Gell's Gravitas          Tloc           0%         N/A       98%         3
 Inner Flame              Hex/Fire       0%         N/A       98%         3
 Lesser Beckoning         Tloc           0%         N/A       98%         3
 Mephitic Cloud           Conj/Pois/Air  0%         N/A       98%         3
 Ozocubu's Armour         Ice            0%         N/A       98%         3
 Portal Projectile        Hex/Tloc       0%         N/A       98%         3
 Stone Arrow              Conj/Erth      0%         3d7       98%         3
 Teleport Other           Tloc           0%         N/A       98%         3
 Tukima's Dance           Hex            0%         N/A       98%         3
 Vampiric Draining        Necr           0%         2d6       98%         3
 Airstrike                Air            0%         N/A       100%        4
 Anguish                  Hex/Necr       0%         N/A       100%        4
 Animate Dead             Necr           0%         N/A       100%        4
 Cause Fear               Hex            0%         N/A       100%        4
 Dispel Undead            Necr           0%         3d6       100%        4
 Ice Form                 Ice/Tmut       0%         N/A       100%        4
 Iskenderun's Mystic Bla  Conj/Tloc      0%         2d3       100%        4
 Leda's Liquefaction      Hex/Erth       0%         N/A       100%        4
 Summon Ice Beast         Ice/Summ       0%         N/A       100%        4
 Summon Lightning Spire   Summ/Air       0%         N/A       100%        4
 Agony                    Necr           0%         N/A       100%        5
 Alistair's Intoxication  Tmut/Pois      0%         N/A       100%        5
 Borgnjor's Vile Clutch   Necr/Erth      0%         N/A       100%        5
 Fireball                 Conj/Fire      0%         3d3       100%        5
 Freezing Cloud           Conj/Ice/Air   0%         6-21      100%        5
 Irradiate                Conj/Tmut      0%         3d14      100%        5
 Iskenderun's Battlesphe  Conj           0%         2d6       100%        5
 Lee's Rapid Deconstruct  Erth           0%         3d5*      100%        5
 Lightning Bolt           Conj/Air       0%         1d11      100%        5
 Manifold Assault         Tloc           0%         N/A       100%        5
 Silence                  Hex/Air        0%         N/A       100%        5
 Summon Forest            Summ/Tloc      0%         N/A       100%        5
 Summon Mana Viper        Hex/Summ       0%         N/A       100%        5
 Death Channel            Necr           0%         N/A       100%        6
 Eringya's Noxious Bog    Tmut/Pois      0%         N/A       100%        6
 Iron Shot                Conj/Erth      0%         9d1       100%        6
 Simulacrum               Ice/Necr       0%         N/A       100%        6
 Starburst                Conj/Fire      0%         6d3       100%        6
 Statue Form              Tmut/Erth      0%         N/A       100%        6
 Summon Cactus Giant      Summ           0%         N/A       100%        6
 Enfeeble                 Hex            0%         N/A       100%        7
 Haunt                    Necr/Summ      0%         N/A       100%        7
 Orb of Destruction       Conj           0%         9d5       100%        7
 Ozocubu's Refrigeration  Ice            0%         4d5       100%        7
 Spellforged Servitor     Conj/Summ      0%         N/A       100%        7
 Storm Form               Tmut/Air       0%         N/A       100%        7
 Borgnjor's Revivificati  Necr           0%         N/A       100%        8
 Discord                  Hex            0%         N/A       100%        8
 Disjunction              Tloc           0%         N/A       100%        8
 Ignition                 Fire           0%         3d3       100%        8
 Infestation              Necr           0%         N/A       100%        8
 Lehudib's Crystal Spear  Conj/Erth      0%         10d2      100%        8
 Necromutation            Tmut/Necr      0%         N/A       100%        8
 Death's Door             Necr           0%         N/A       100%        9
 Polar Vortex             Ice            0%         N/A       100%        9


Dungeon Overview and Level Annotations

Branches:
Dungeon (15/15)            Temple (1/1) D:4            Lair (6/6) D:11
 Shoals (4/4) Lair:3       Spider (4/4) Lair:3        Slime (0/5) Lair:5
    Orc (2/2) D:10            Elf (3/3) Orc:2        Vaults (0/5) D:14
 Depths (1/4) D:15          IceCv (visited)

Altars:
Ashenzari
Cheibriados
Dithmenos
Elyvilon
Fedhas
Gozag
Hepliaklqana
Kikubaaqudgha
Makhleb
Nemelex Xobeh
Okawaru
Qazlal
Ru
Sif Muna
Trog
Uskayaw
Vehumet
Wu Jian
Xom
Yredelemnul
Zin
The Shining One
Jiyva

Shops:
D:2 ?   D:3 (   D:7 ?   D:8 *   D:15 ?   Orc:2 ?[:[   Elf:1 =::*   Elf:3 [
Lair:4 [   Lair:6 [   Shoals:2 *=   Shoals:4 !!(=

Annotations:
D:11 2 transporters, didgeridoom's ghost, journeyman MiBe
Lair:2 2 runed translucent doors, fknight's ghost, journeyman HuBe
Lair:4 1 runed translucent door
Elf:1 exclusion: 2 obsidian statues


Innate Abilities, Weirdness & Mutations

You have a pair of horns on your head.
You reflexively headbutt those who attack you in melee.
Armour fits poorly on your strangely shaped body.


Message History

Your headbutt misses the spriggan defender.
The spriggan defender is moderately wounded.
You open the spriggan defender like a pillowcase!!!
You kill the spriggan defender!
The spriggan defender misses you. You furiously retaliate!
You headbutt the spriggan defender!! You slash the spriggan defender!
Your headbutt misses the spriggan defender.
The spriggan defender is almost dead.
You slash the spriggan defender!
The spriggan defender hits you but does no damage. x2
The spriggan defender hits you with a +4 antimagic lajatang!
* * * LOW HITPOINT WARNING * * *
You feel your power leaking away.
You slice the spriggan defender!!
You kill the spriggan defender!
You miss the spriggan defender.
The spriggan defender hits you but does no damage.
Unknown command.
You slice the spriggan defender!!
The spriggan defender is severely wounded.
The spriggan defender hits you with a +4 antimagic lajatang.
* * * LOW HITPOINT WARNING * * *
You feel your power leaking away.
Unknown command.
You miss the spriggan defender.
The spriggan defender is severely wounded.
The spriggan defender closely misses you.
Unknown command.
You cut the spriggan defender into ribbons!!!
You kill the spriggan defender!
The spriggan air mage is distracted by your dazzling golden aura.
Unknown command.
You slice the juggernaut!! You headbutt the juggernaut.
The juggernaut is lightly wounded.
The juggernaut hits you!!!
* * * LOW HITPOINT WARNING * * *
The juggernaut hits you!!
You die...
Your body crumbles into a pile of gold.

#.# #......# #.#
#......# #.#
#......# #.#
#.≈...# #.#
##.≈≈≈#
#<#####≈)≈≈≈###
#.....))......#
#########≈≈##.##
#####$@# ##C#
#$# #i# $ ..#
#.' #.' #.# #.#


You could see a juggernaut and a spriggan air mage (repels missiles).

Vanquished Creatures
  the Enchantress (Depths:1)
  Mlioglotl (Shoals:1)
  2 deep elf blademasters (Elf:3)
  2 deep elf master archers (Elf:3)
  Polyphemus (Shoals:2)
  3 krakens
  Donald (Shoals:2)
  Ilsuiw (Shoals:4)
  An azure jelly (IceCv)
  4 deep elf sorcerers (Elf:3)
  A frost giant (Shoals:3)
  A fire giant (D:15)
  8 emperor scorpions
  An orc warlord (Orc:2)
  5 ghost moths
  3 spriggan defenders (Depths:1)
  The ghost of pkoi the Brawler, a journeyman DrMo of Hepliaklqana (Orc:1)
  The ghost of Zeor the Spear-Bearer, a journeyman DsGl of Makhleb (Orc:1)
  6 deep elf elementalists (Elf:3)
  4 broodmothers
  A quicksilver ooze (IceCv)
  2 elemental wellsprings (Shoals:2)
  9 entropy weavers
  6 deep elf demonologists (Elf:3)
  2 spark wasps
  8 deep elf annihilators
  7 merfolk impalers (Shoals:4)
  Snorg (D:12)
  8 deep elf death magi (Elf:3)
  The ghost of Paomaemm the Spear-Bearer, a journeyman DsFi of Gozag (Orc:1)
  5 merfolk javelineers
  3 deep elf high priests (Elf:3)
  Harold (D:7)
  2 vault guards (D:14)
  10 hydras
  A salamander tyrant (Depths:1)
  A death knight (D:12)
  2 ogre magi (D:15)
  7 boulder beetles
  4 radroaches
  3 merfolk avatars
  10 centaur warriors
  Erica (D:8)
  3 catoblepae
  A jorogumo (Spider:2)
  An alligator snapping turtle (Shoals:3)
  6 merfolk aquamancers
  15 two-headed ogres
  A deep troll shaman (Lair:6)
  2 satyrs
  7 death yaks
  4 orc high priests
  Urug (Orc:1)
  A tengu warrior (D:14)
  20 deep elf knights
  Sonja (Orc:2)
  9 pharaoh ants
  2 sun moths
  An orb spider (shapeshifter) (D:14)
  13 orb spiders
  15 sea snakes
  9 steelbarb worms
  A salamander mystic (Depths:1)
  6 orc knights
  11 deep elf archers
  The ghost of GilGalad the Skirmisher, a novice PaFi of Ru (D:7)
  15 wolf spiders
  29 harpies
  A necromancer (D:14)
  3 wizards (D:14)
  37 deep elf pyromancers
  Pikel (D:7)
  14 fauns
  50 deep elf zephyrmancers
  3 ugly things (D:15)
  9 orc sorcerers
  A lindwurm (Lair:6)
  6 cyclopes
  A shining eye (shapeshifter) (Elf:1)
  15 manticores
  3 salamanders (Depths:1)
  5 moths of wrath
  2 ice statues (IceCv)
  9 elephants (Lair:6)
  4 black mambas
  7 water nymphs
  14 merfolk sirens
  2 gargoyles
  A guardian serpent (shapeshifter) (Elf:2)
  11 cane toads
  A kobold demonologist (D:12)
  An efreet (D:15)
  12 demonic crawlers
  6 torpor snails
  7 komodo dragons
  A yaktaur (Shoals:4)
  5 rime drakes
  2 entropy weaver simulacra (IceCv)
  2 tengu conjurers (D:15)
  14 meliai
  6 trolls
  23 merfolk
  2 polar bears
  Prince Ribbit (D:8)
  9 blink frogs
  10 wind drakes
  29 tarantellas
  20 slime creatures
  A slime creature (shapeshifter) (D:14)
  15 snapping turtles
  A meliai zombie (D:11)
  A vampire (D:12)
  Sigmund (D:1)
  2 shadows
  An air elemental (Elf:2)
  2 spriggans (Depths:1)
  17 water elementals
  27 jumping spiders
  3 wyverns
  A wraith (D:14)
  17 culicivoras
  18 humans (D:14)
  38 yaks
  3 fire elementals
  The ghost of WaxSun the Abyss-Baptised, an amateur FoAK of Lugonu (D:3)
  9 basilisks
  12 vampire mosquitoes
  69 redbacks
  A redback simulacrum (D:15)
  Menkaure (D:5)
  3 steam dragons
  Edmund (D:5)
  2 acid dragons
  9 water moccasins
  4 demonic crawler simulacra (IceCv)
  Duvessa (D:5)
  26 orc warriors
  A sky beast (shapeshifter) (D:13)
  3 ice beasts
  4 black bears
  7 ogres
  A sky beast (D:5)
  3 ugly thing simulacra (IceCv)
  58 wolves
  15 centaurs
  A lemure (D:7)
  5 kobold brigands
  11 bullfrogs
  A wyvern zombie (D:5)
  3 gnoll sergeants
  4 earth elementals
  2 glowing shapeshifter simulacra (IceCv)
  3 scorpions
  Dowan (D:5)
  3 killer bees (D:6)
  5 howler monkeys
  3 electric eels
  2 centaur zombies
  A bullfrog zombie (D:6)
  19 orc priests
  Crazy Yiuf (D:2)
  3 hounds (D:11)
  A centaur skeleton (D:6)
  A gnoll shaman (D:7)
  3 iguanas
  19 orc wizards
  6 hell rats
  Robin (D:1)
  3 howler monkey zombies
  12 gnolls
  5 adders
  2 shadow imps
  2 white imps (D:7)
  An ufetubus (D:5)
  3 worms
  A dart slug (D:1)
  77 orcs
  7 endoplasms
  5 giant cockroaches
  19 goblins
  9 hobgoblins
  6 jackals
  24 kobolds
  A quokka (D:4)
  12 ball pythons
  7 bats
  2 frilled lizards
  10 rats
  6 tentacles (Shoals:1)
1360 creatures vanquished.

Vanquished Creatures (others)
  34 dancing weapons
  12 fungi
  83 plants
  15 tentacles
144 creatures vanquished.

Grand Total: 1504 creatures vanquished

Notes
Turn   | Place    | Note
-------+----------+-------------------------------------------
     0 | D:1      | pkoi the Minotaur Gladiator began the quest for the Orb.
     0 | D:1      | Reached XP level 1. HP: 18/18 MP: 0/0
    80 | D:1      | Reached skill level 4 in Axes
   112 | D:1      | Reached XP level 2. HP: 24/25 MP: 1/1
   168 | D:1      | Reached skill level 1 in Armour
   508 | D:1      | Found a faded altar of an unknown god.
   855 | D:1      | Reached XP level 3. HP: 30/30 MP: 2/2
  1066 | D:2      | Noticed Sigmund
  1066 | D:2      | Noticed Robin
  1072 | D:1      | Killed Sigmund
  1073 | D:1      | Reached skill level 5 in Axes
  1073 | D:1      | Reached XP level 4. HP: 23/40 MP: 3/3
  1073 | D:1      | Reached XP level 5. HP: 27/46 MP: 4/4
  1344 | D:1      | Killed Robin
  1345 | D:1      | Reached skill level 6 in Axes
  1704 | D:2      | Found Watiqu's Magic Scroll Shop.
  1731 | D:2      | Bought a scroll of identify for 22 gold pieces
  1954 | D:2      | Found a runed translucent door.
  1955 | D:2      | Noticed Crazy Yiuf
  2288 | D:2      | Killed Crazy Yiuf
  2289 | D:2      | Reached XP level 6. HP: 35/52 MP: 5/5
  2724 | D:3      | Noticed an ice beast
  2730 | D:3      | Killed an ice beast
  2911 | D:3      | Found Ifepuc's Antique Weapon Boutique.
  3007 | D:3      | Found a transporter.
  3007 | D:3      | Noticed WaxSun's ghost (amateur FoAK)
  3009 | D:3      | Found a transporter.
  3270 | D:4      | Found a staircase to the Ecumenical Temple.
  3280 | D:4      | Reached skill level 7 in Axes
  3311 | Temple   | Entered the Ecumenical Temple
  3400 | Temple   | Became a worshipper of Gozag Ym Sagoz the Greedy
  3722 | D:4      | Reached skill level 5 in Fighting
  3722 | D:4      | Reached XP level 7. HP: 56/61 MP: 6/6
  4035 | D:5      | Entered Level 5 of the Dungeon
  4074 | D:5      | Found a broken altar of Ashenzari.
  4222 | D:5      | Reached skill level 8 in Axes
  4238 | D:5      | Reached skill level 5 in Armour
  4909 | D:5      | Reached XP level 8. HP: 70/70 MP: 7/7
  4971 | D:5      | Found a blossoming altar of Fedhas.
  4972 | D:5      | Found a sparkling altar of Nemelex Xobeh.
  4979 | D:5      | Noticed Menkaure
  4985 | D:5      | Killed Menkaure
  4986 | D:5      | Reached skill level 9 in Axes
  5376 | D:5      | Noticed Dowan
  5377 | D:5      | Noticed Duvessa
  5378 | D:5      | Noticed Edmund
  5387 | D:5      | Killed Duvessa
  5393 | D:5      | Killed Dowan
  5396 | D:5      | Killed Edmund
  6079 | D:3      | Bought a masterwork broad axe for 243 gold pieces
  6079 | D:3      | Identified the +10 broad axe of the Rat {flame, rElec
                  | Will+} (You bought it in a shop on level 3 of the Dungeon)
  6237 | D:6      | Reached skill level 10 in Axes
  6398 | D:6      | Reached XP level 9. HP: 70/79 MP: 8/8
  6897 | D:7      | Noticed Harold
  6912 | D:7      | Killed Harold
  6913 | D:7      | Reached skill level 11 in Axes
  7267 | D:7      | Found a transporter.
  7396 | D:7      | Noticed Pikel
  7404 | D:7      | Killed Pikel
  7405 | D:7      | Reached skill level 12 in Axes
  7502 | D:7      | Found Xeupso's Magic Scroll Shoppe.
  7509 | D:7      | Bought a scroll of summoning for 133 gold pieces
  7510 | D:7      | Bought a scroll of identify for 28 gold pieces
  7589 | D:7      | Noticed GilGalad's ghost (novice PaFi)
  7589 | D:7      | Noticed a moth of wrath
  7644 | D:7      | Found a transporter.
  8117 | D:8      | Noticed Prince Ribbit
  8119 | D:8      | Killed Prince Ribbit
  8120 | D:8      | Reached skill level 1 in Evocations
  8120 | D:8      | Reached XP level 10. HP: 91/91 MP: 9/9
  8163 | D:8      | Reached skill level 13 in Axes
  8440 | D:8      | Found a stormy altar of Qazlal.
  8441 | D:8      | Noticed Erica
  8449 | D:8      | Killed Erica
  8930 | D:8      | Found a bloodstained altar of Trog.
  9112 | D:8      | Found Dykkil's Serpentskin Sales.
  9641 | D:9      | Identified the amulet of Kikubaaqudgha's Whim {rC+ Regen+
                  | Slay+2}
  9901 | D:10     | Entered Level 10 of the Dungeon
  9902 | D:10     | Noticed a two-headed ogre
  9909 | D:10     | Killed a two-headed ogre
  9910 | D:10     | Reached skill level 10 in Fighting
  9910 | D:10     | Reached skill level 14 in Axes
  9910 | D:10     | Reached XP level 11. HP: 73/99 MP: 10/10
 10022 | D:10     | Found a staircase to the Orcish Mines.
 10203 | D:10     | Reached skill level 5 in Evocations
 10286 | D:10     | Found a snail-covered altar of Cheibriados.
 10545 | D:10     | Found an ancient bone altar of Kikubaaqudgha.
 12272 | D:11     | Found a transporter.
 12274 | D:11     | Noticed a thrashing horror
 12280 | D:11     | Noticed didgeridoom's ghost (journeyman MiBe)
 12289 | D:11     | Noticed a centaur warrior
 12290 | D:11     | Found a transporter.
 12290 | D:11     | Noticed a two-headed ogre
 12291 | D:11     | Noticed a skeletal warrior
 12295 | D:11     | Killed a centaur warrior
 12296 | D:11     | Reached skill level 1 in Bows
 12296 | D:11     | Reached skill level 10 in Armour
 12301 | D:11     | Killed a two-headed ogre
 12603 | D:11     | Noticed a thrashing horror
 12873 | D:11     | Found a staircase to the Lair.
 13434 | Lair:1   | Entered Level 1 of the Lair of Beasts
 13554 | Lair:1   | Noticed a five-headed hydra
 13562 | Lair:1   | Killed a two-headed hydra
 13851 | Lair:1   | Reached skill level 15 in Axes
 14008 | Lair:1   | You fall into a shaft and drop 1 floor!
 14615 | Lair:2   | Found a large runed translucent door.
 14617 | Lair:2   | Found a large runed translucent door.
 14630 | Lair:2   | Identified the +1 robe "Zat Ofy" {rC+ Int-3 Dex+4}
 14690 | D:11     | Identified the +2 robe of Ofoger {rPois Str+3}
 14866 | Lair:2   | Noticed fknight's ghost (journeyman HuBe)
 14909 | Lair:2   | Reached XP level 12. HP: 110/110 MP: 11/11
 15591 | D:7      | Identified the amulet of Ifeoloipp {Spirit rElec rF+ Int+4}
 15607 | D:7      | Killed GilGalad's ghost
 15914 | Lair:3   | Noticed a boulder beetle
 16125 | Lair:3   | Killed a boulder beetle
 16296 | Lair:3   | Found a hole to the Spider Nest.
 16348 | Lair:3   | Reached skill level 16 in Axes
 16378 | Lair:3   | Noticed an eight-headed hydra
 16382 | Lair:3   | Killed a six-headed hydra
 16457 | Lair:3   | Found a frozen archway.
 16469 | IceCv    | Entered an ice cave
 16918 | IceCv    | Reached skill level 5 in Bows
 17211 | IceCv    | Identified the ring "Umpiap" {Will+ Str+4}
 17216 | IceCv    | Got the Handbook of Ashen Orientation
 18076 | IceCv    | Reached XP level 13. HP: 117/117 MP: 12/12
 18200 | IceCv    | Found a viscous altar of Jiyva.
 18200 | IceCv    | Noticed an azure jelly
 18214 | IceCv    | Killed an azure jelly
 18364 | IceCv    | Noticed a quicksilver ooze
 18370 | IceCv    | Killed a quicksilver ooze
 18382 | IceCv    | Got the ring "Dapn" {rC+ SInv}
 18387 | IceCv    | Got the Handbook of Snow
 18665 | Lair:3   | Found a staircase to the Shoals.
 19118 | Lair:4   | Bought a pair of embroidered gloves for 217 gold pieces
 19221 | Lair:4   | Identified the ring of Sedevip {Will+ MP+9 Int+3 SInv}
 19312 | Lair:4   | Reached skill level 17 in Axes
 19690 | Lair:4   | Found a runed translucent door.
 20365 | Lair:5   | Identified a scroll of acquirement
 20366 | Lair:5   | Acquired 754 gold pieces
 20379 | Lair:5   | Found a staircase to the Slime Pits.
 20428 | Lair:5   | Found a viscous altar of Jiyva.
 21210 | Lair:6   | Entered Level 6 of the Lair of Beasts
 21274 | Lair:6   | Reached skill level 10 in Evocations
 21279 | Lair:6   | Bought the +10 plate armour "Piocw" {rCorr Str+3} for 1470
                  | gold pieces
 21747 | Lair:6   | Reached XP level 14. HP: 123/127 MP: 13/13
 21960 | Lair:6   | Reached skill level 18 in Axes
 22001 | Lair:6   | Got Vehumet's Incunabulum of Attacks
 22749 | D:12     | Noticed Snorg
 22759 | D:12     | Killed Snorg
 23051 | D:12     | Identified the +5 war axe "Ofofeam" {elec, MP+9 Stlth+}
 23300 | D:3      | Killed WaxSun's ghost
 24402 | D:14     | Found a hazy altar of Hepliaklqana.
 24473 | D:14     | Identified the +0 pair of boots of the Narrow Quahog {Will+
                  | Int+4 Dex-4 Stlth+}
 24719 | D:14     | Reached skill level 19 in Axes
 24740 | D:14     | Found a gate to the Vaults.
 24750 | D:14     | Reached XP level 15. HP: 137/137 MP: 14/14
 25059 | D:14     | Found a glowing silver altar of Zin.
 25126 | D:15     | Entered Level 15 of the Dungeon
 25130 | D:15     | Bought a scroll of teleportation for 45 gold pieces
 25130 | D:15     | Bought a scroll of blinking for 112 gold pieces
 25397 | D:15     | Found a staircase to the Depths.
 25397 | D:15     | Noticed a fire giant
 25417 | D:15     | Killed a fire giant
 25689 | D:15     | Found a hide-covered altar of Uskayaw.
 26460 | Spider:1 | Entered Level 1 of the Spider Nest
 26507 | Spider:1 | Learned a level 1 spell: Apportation
 27192 | Spider:1 | Identified the +8 falchion of the Aged Teeth {vorpal, rC+}
 27619 | Spider:1 | Reached skill level 10 in Bows
 27874 | Spider:2 | Noticed an emperor scorpion
 27891 | Spider:2 | Killed an emperor scorpion
 27892 | Spider:2 | Reached skill level 20 in Axes
 28066 | Spider:2 | Learned a level 2 spell: Blink
 28254 | Spider:1 | Reached XP level 16. HP: 89/147 MP: 15/15
 28382 | Spider:2 | Reached skill level 15 in Fighting
 28992 | Spider:2 | Reached skill level 15 in Armour
 29805 | Shoals:1 | Entered Level 1 of the Shoals
 29967 | Shoals:1 | Identified the +5 ring mail of the Blessed Realm {Str+4}
 30005 | Shoals:1 | Noticed a kraken
 30014 | Shoals:1 | Killed a kraken
 30194 | Shoals:1 | Noticed Mlioglotl
 30199 | Shoals:1 | Killed Mlioglotl
 30229 | Shoals:1 | Reached skill level 5 in Dodging
 30701 | Shoals:1 | Noticed a kraken
 30718 | Shoals:1 | Killed a kraken
 31197 | Shoals:2 | Bought a scroll of teleportation for 93 gold pieces
 31203 | Shoals:2 | Noticed Donald
 31217 | Shoals:2 | Killed Donald
 31259 | Shoals:2 | Noticed Polyphemus
 31279 | Shoals:2 | Killed Polyphemus
 31553 | Shoals:2 | Reached XP level 17. HP: 141/158 MP: 16/16
 33014 | Orc:1    | Entered Level 1 of the Orcish Mines
 33144 | Orc:2    | Entered Level 2 of the Orcish Mines
 33163 | Orc:2    | Noticed Sonja
 33183 | Orc:2    | Killed Sonja
 33468 | Orc:2    | Found a staircase to the Elven Halls.
 33586 | Orc:2    | Found Riwoeh's Magic Scroll Boutique.
 33624 | Orc:2    | Found Itrugid's Antique Armour Shoppe.
 33695 | Orc:2    | Found Niwex's Book Shoppe.
 33699 | Orc:2    | Bought a scroll of acquirement for 676 gold pieces
 33704 | Orc:2    | Found Eta Toy's Antique Armour Boutique.
 33710 | Orc:2    | Bought a transparent plate armour for 812 gold pieces
 33710 | Orc:2    | Identified the +9 plate armour of Toelir {rN+ Dex+4} (You
                  | bought it in a shop on level 2 of the Orcish Mines)
 33756 | Orc:2    | Acquired the +4 executioner's axe of Putrescence {vorpal,
                  | rN+ Str+2 Dex+7}
 34572 | Spider:3 | Reached skill level 21 in Axes
 34977 | Spider:4 | Entered Level 4 of the Spider Nest
 36478 | Spider:4 | Reached XP level 18. HP: 159/169 MP: 17/17
 37018 | Spider:4 | Got a gossamer rune of Zot
 38038 | Shoals:3 | Reached skill level 22 in Axes
 38258 | Shoals:4 | Entered Level 4 of the Shoals
 38258 | Shoals:4 | Found Hucuem's Assorted Antiques.
 38685 | Shoals:4 | Found Xosuirej's Jewellery Boutique.
 38731 | Shoals:4 | Noticed Ilsuiw
 38739 | Shoals:4 | Reached skill level 23 in Axes
 38776 | Shoals:4 | HP: 5/170 [merfolk impaler/+1 demon trident of freezing
                  | (5)]
 38780 | Shoals:4 | HP: 2/170 [merfolk javelineer/silver javelin (9)]
 39531 | Shoals:4 | Killed Ilsuiw
 40026 | Shoals:4 | Got a barnacled rune of Zot
 40108 | Shoals:4 | Found Aboduy's Distillery.
 40118 | Shoals:4 | Bought a potion of haste for 110 gold pieces
 40118 | Shoals:4 | Bought a potion of curing for 33 gold pieces
 40118 | Shoals:4 | Bought a potion of heal wounds for 55 gold pieces
 40118 | Shoals:4 | Bought 2 potions of curing for 66 gold pieces
 40118 | Shoals:4 | Bought a potion of invisibility for 88 gold pieces
 40128 | Shoals:4 | Found Tatet's Weapon Emporium.
 40155 | Shoals:4 | Reached skill level 24 in Axes
 40251 | Shoals:4 | Found Likychiu's Distillery.
 40272 | Shoals:4 | Bought a potion of curing for 42 gold pieces
 40272 | Shoals:4 | Bought a potion of curing for 42 gold pieces
 40272 | Shoals:4 | Bought a potion of cancellation for 112 gold pieces
 40845 | Orc:1    | Noticed Urug
 40851 | Orc:1    | Killed Urug
 41187 | Orc:1    | Found a runed translucent gate.
 41188 | Orc:1    | Found a runed translucent gate.
 41188 | Orc:1    | Found a runed translucent gate.
 41203 | Orc:1    | Noticed Zeor's ghost (journeyman DsGl)
 41203 | Orc:1    | Noticed Paomaemm's ghost (journeyman DsFi)
 41203 | Orc:1    | Noticed pkoi's ghost (journeyman DrMo)
 41221 | Orc:1    | Noticed Maurice
 41266 | Orc:1    | Killed Paomaemm's ghost
 41273 | Orc:1    | Killed Zeor's ghost
 41279 | Orc:1    | Killed pkoi's ghost
 41359 | Elf:1    | Entered Level 1 of the Elven Halls
 41521 | Elf:1    | Reached XP level 19. HP: 151/177 MP: 18/18
 41658 | Elf:1    | Identified the +9 hand crossbow "Orrukati" {freeze, rF+
                  | Str+6 Dex+3}
 42148 | Elf:1    | Got the Papyrus of Blows and Bruises
 42835 | Elf:1    | Found Dextyxan's Jewellery Boutique.
 42835 | Elf:1    | Found Cenittit's Book Shoppe.
 42836 | Elf:1    | Found Yluadis's Book Shoppe.
 43458 | Elf:2    | Reached skill level 15 in Evocations
 43554 | Elf:2    | Paralysed by an air elemental for 1 turns
 43806 | Elf:2    | Reached skill level 10 in Dodging
 43965 | Elf:2    | Found a runed translucent gate.
 43965 | Elf:2    | Found a runed translucent gate.
 43965 | Elf:2    | Found a runed translucent gate.
 45013 | Elf:3    | Entered Level 3 of the Elven Halls
 46000 | Elf:3    | Noticed a Tzitzimitl
 46014 | Elf:3    | Reached XP level 20. HP: 66/189 MP: 10/19
 46745 | Elf:3    | Identified the ring "Guuxkub" {Ice rPois}
 46747 | Elf:3    | Identified the +10 scythe of the Pillar {flame, *Noise rF+
                  | rC++ Int+4}
 46747 | Elf:3    | Identified the ring "Imnaz" {rN+ Str-5 Int+4 Dex+6}
 46873 | Elf:3    | Identified the +1 pair of boots of Monotheism {rElec rC-
                  | Regen+ SInv}
 46875 | Elf:3    | Identified the +3 falchion "Qigummem" {spect, Dex+4}
 47131 | Elf:3    | Found Rugruit's Armour Shop.
 47651 | Elf:3    | Gained mutation: Armour fits poorly on your strangely
                  | shaped body. [a cacodemon]
 48265 | Depths:1 | Entered Level 1 of the Depths
 48336 | Depths:1 | Noticed the Enchantress
 48345 | Depths:1 | Noticed a juggernaut
 48369 | Depths:1 | Killed the Enchantress
 48379 | Depths:1 | Mangled by a juggernaut

Illustrated notes

Levels and vault maps discovered:
D:1:      enne_arrival_octagon_isle, layout_basic, ebering_ecumenical_altar_mist
D:2:      layout_loops_ring, serial_shops, nicolae_diamond_shop,
          grunt_ministairs_1, uniq_sigmund, uniq_robin, uniq_crazy_yiuf_cottage
D:3:      layout_loops_ring, serial_shops, nicolae_shop_behind_doors,
          gammafunk_ghost_arena, minivault_5, minmay_circle_x
D:4:      layout_basic, minmay_temple_entry_sparse_star, kennysheep_potato
D:5:      layout_basic, nicolae_ashenzari_panopticon,
          mainiacjoe_overflow_large_starburst, nicolae_grassy_gnolls,
          uniq_menkaure, uniq_duvessa, uniq_edmund
D:6:      layout_basic
D:7:      layout_basic, serial_shops, shop, gammafunk_ghost_berserking_beasts,
          bh_walls_and_bars, uniq_pikel, uniq_harold
D:8:      layout_basic, nicolae_overflow_crystal_walls,
          mainiacjoe_overflow_surrounded_room, guppyfry_shop_venom, uniq_erica,
          uniq_prince_ribbit1
D:9:      layout_roguey
D:10:     layout_basic, nicolae_overflow_hidden_temple, kiku_gazebo_pond_becter,
          orc_0_dummy
D:11:     layout_layer_cave, erik_lair_island, gammafunk_ghost_abyssal_escape
D:12:     hangedman_cross_stitches, layout_rooms, uniq_snorg
D:13:     layout_loops_corners
D:14:     layout_loops_ring, grunt_vaults_entry_tiered,
          nzn_hepliaklqana_mist_gate, zin_treasury
D:15:     grunt_enter_depths_giant_problem, layout_loops_ring,
          nicolae_uskayaw_dance_hall
Temple:   regret_index_temple_waves
Lair:1:   layout_loops_ring, serial_rivers, chequers_serial_rivers_micro_d,
          chequers_serial_rivers_micro_a, chequers_serial_rivers_micro_c,
          chequers_serial_rivers_room_a
Lair:2:   layout_regular_city, ebering_ghost_disaster_area,
          grunt_forest_small_clearings, lemuel_fruit_tree
Lair:3:   layout_concentric_octagons, minmay_shoals_entry_hut,
          spider_nest_entry_rubble, portal_ice_cave_entry_pillars_2,
          st_stairs_5, grunt_forest_large_clearings
Lair:4:   gammafunk_indiana_jones, layout_cave_pods, serial_bayou_shore_a
Lair:5:   layout_small_grid, slime_altar_1, kennysheep_basilisk_garden
Lair:6:   grunt_lair_end_beastmaster, layout_cave_pods, serial_bayou_crossing,
          serial_bayou_shore_b
Shoals:1: layout_shoals, uniq_mlioglotl
Shoals:2: layout_shoals, nicolae_shoals_spring_well_temple, uniq_donald,
          uniq_polyphemus
Shoals:3: layout_shoals
Shoals:4: shoals_end_grunt_ice, layout_shoals, shoal_ilsuiw, serial_shops,
          shop_statue, shop, shop_fountains, shop_statue, nicolae_diamond_shop,
          yaktaur_hedge
Spider:1: nicolae_spider_mines_3
Spider:2: nicolae_spider_hilbert_zone_4 [nicolae_spider_hilbert_4_sides_2_open,
          nicolae_spider_hilbert_4_sides_1_open,
          nicolae_spider_hilbert_4_sides_1_open,
          nicolae_spider_hilbert_4_sides_1_open,
          nicolae_spider_hilbert_4_sides_1_open,
          nicolae_spider_hilbert_2_sides_1_open,
          nicolae_spider_hilbert_2_sides_1_open,
          nicolae_spider_hilbert_2_sides_1_open,
          nicolae_spider_hilbert_2_sides_1_open,
          nicolae_spider_hilbert_6_sides_1_open,
          nicolae_spider_hilbert_6_sides_1_open,
          nicolae_spider_hilbert_3_sides_1_open,
          nicolae_spider_hilbert_3_sides_1_open]
Spider:3: layout_spider_delve
Spider:4: hellmonk_spider_rune_bug_friends
Orc:1:    layout_caves, gammafunk_ghost_cemetery, uniq_maurice, uniq_urug
Orc:2:    st_orc_elflike, layout_caves, uniq_sonja
Elf:1:    nicolae_elf_arrival_no_cutting_in_line, layout_geoelf_octagon,
          minmay_elf_annihilation, minivault_27, hangedman_elf_targetted_burst,
          minmay_misc_feat_ornament, david_greed, minmay_shop_grove
Elf:2:    nicolae_elf_blades_splatter_lattice
          [nicolae_blade_entry_area_security], layout_geoelf_octagon
Elf:3:    grunt_elf_hall_spiral, layout_gridlike, serial_shops, shop_statue,
          elves_outpost_lemuel
Depths:1: kennysheep_bubbly, layout_basic, hell_entry, drop_trap,
          nicolae_inconvenience_store, hellmonk_guarded_unrand_dark_maul,
          uniq_enchantress, uniq_bai_suzhen, uniq_asterion

Skill      XL: |  1  2  3  4  5  6  7  8  9 10 11 12 13 14 15 16 17 18 19 20 |
---------------+-------------------------------------------------------------+-----
Axes           | 4 5 6 7 8 10 12 14 15 16 17 19 20 21 24 | 24.0
Armour         | 1 2 3 4 5 6 8 9 10 11 12 13 14 15 16 17 18 | 18.8
Fighting       | 4 5 6 7 9 10 11 12 13 14 16 17 18 19 | 19.1
Evocations     | 1 4 7 8 10 11 12 13 14 15 | 15.9
Bows           | 3 5 7 8 10 11 12 13 14 | 14.2
Dodging        | 5 8 9 10 11 | 11.7
Throwing       | |  2.0

Action                   |  1- 3 |  4- 6 |  7- 9 | 10-12 | 13-15 | 16-18 | 19-21 || total
-------------------------+-------+-------+-------+-------+-------+-------+-------++-------
Melee: War axe           |    16 |     8 |    13 |       |       |       |       ||    37
       Dagger            |    23 |    79 |    75 |       |       |       |       ||   177
       Headbutt          |     3 |    12 |    28 |    56 |   124 |   256 |   113 ||   592
       Punch             |       |     1 |     4 |     4 |    17 |    14 |       ||    40
       Broad axe         |       |       |    59 |   331 |   613 |   502 |       ||  1505
       Executioner's axe |       |       |       |       |       |   514 |   560 ||  1074
 Fire: Longbow           |       |       |       |    10 |    12 |    41 |    10 ||    73
 Cast: Apportation       |       |       |       |       |     1 |       |       ||     1
Invok: Potion Petition   |       |       |       |     1 |       |     3 |       ||     4
       Call Merchant     |       |       |       |       |     3 |     2 |     1 ||     6
Evoke: Wand              |       |       |       |     1 |     3 |     6 |       ||    10
       Condenser vane    |       |       |       |       |       |       |     1 ||     1
  Use: Scroll            |       |    14 |     5 |     5 |     4 |     6 |       ||    34
       Potion            |       |       |     1 |       |     1 |     5 |     1 ||     8
 Stab: Sleeping          |       |     1 |       |       |       |       |       ||     1
       Distracted        |       |       |       |     3 |     8 |    19 |     2 ||    32
       Petrified         |       |       |       |       |       |     2 |       ||     2
       Invisible         |       |       |       |       |       |     3 |       ||     3
Armor: Leather armour    |    12 |    17 |       |       |       |       |       ||    29
       Chain mail        |       |    13 |    18 |   188 |    58 |       |       ||   277
       Plate armour      |       |    10 |    94 |       |   396 |   867 |   254 ||  1621
Dodge: Dodged            |    19 |    60 |    45 |   149 |   226 |   578 |   246 ||  1323
Block: Kite shield       |       |       |       |       |       |    27 |       ||    27
       Reflection        |       |       |       |       |       |     8 |       ||     8
